 Dungeon Crawl Stone Soup version 0.24-a0-520-g8fd06ad0bc (webtiles) character file.

Game seed: 719223792155282452

8 Iscandelvey the Vexing (level 2, 17/21 HPs)
             Began as a Demonspawn Arcane Marksman on July 25, 2019.
             Quit the game on level 1 of the Dungeon.
             The game lasted 00:00:11 (152 turns).

Iscandelvey the Vexing (Demonspawn Arcane Marksman)  Turns: 152, Time: 00:00:12

Health: 17/21      AC:  2    Str: 10    XL:     2   Next: 0%
Magic:  3/3        EV: 12    Int: 14    God:
Gold:   10         SH:  0    Dex: 13    Spells: 2/3 levels left

rFire    . . .     SeeInvis .   a - +0 hunting sling
rCold    . . .     Gourm    .   (no shield)
rNeg     . . .     Faith    .   e - +0 robe
rPois    .         Spirit   .   (no helmet)
rElec    .         Reflect  .   (no cloak)
rCorr    .         Harm     .   (no gloves)
MR       .....                  (no boots)
Stlth    +.........             (no amulet)
HPRegen  0.07/turn              (no ring)
MPRegen  0.08/turn              (no ring)

@: no status effects
A: talons 1
a: no special abilities


You were on level 1 of the Dungeon.
You were not hungry.

You visited 1 branch of the dungeon, and saw 1 of its levels.

You collected 10 gold pieces.

Inventory:

Hand Weapons
 a - a +0 hunting sling (weapon)
Missiles
 d - 11 sling bullets (quivered)
Armour
 e - a +0 robe (worn)
Scrolls
 c - a scroll of enchant armour {unknown}
Potions
 b - a potion of heal wounds {unknown}
Comestibles
 f - a ration


   Skills:
 + Level 1.0 Fighting
 + Level 1.9 Slings
 + Level 1.9 Dodging
 + Level 1.0 Spellcasting
 + Level 3.3 Hexes


You had 2 spell levels left.
You knew the following spells:

 Your Spells              Type           Power        Failure   Level  Hunger
a - Corona                Hex            ##.....      7%          1    ##.....

Your spell library contained the following spells:

 Spells                   Type           Power        Failure   Level  Hunger
 Slow                     Hex            ##......     10%         2    ###....
 Inner Flame              Hex/Fire       #.......     36%         3    ####...
 Portal Projectile        Hex/Tloc       #.....       36%         3    ####...
 Cause Fear               Hex            ##........   54%         4    #####..
 Leda's Liquefaction      Hex/Erth       #.........   78%         4    #####..


Dungeon Overview and Level Annotations

Branches:
Dungeon (1/15)

Altars:


Innate Abilities, Weirdness & Mutations

You have sharp toenails.


Message History

A bat is nearby!
Firing (i - inventory)
d - 13 sling bullets (quivered)
Press: ? - help, Shift-Dir - straight line, f/p - bat
Aim: a bat You shoot a sling bullet.
The sling bullet misses the bat.
The bat barely misses you.
A bat is nearby!
Firing (i - inventory)
d - 12 sling bullets (quivered)
Press: ? - help, Shift-Dir - straight line, f/p - bat
Aim: a bat You shoot a sling bullet.
The sling bullet hits the bat.
You kill the bat!
You have reached level 2!
Your demonic ancestry asserts itself...
Your toenails lengthen and sharpen.
Are you sure you want to abandon this character and quit the game? (Confirm with "yes".)
Okay, then.
Unknown command.
Unknown command.
Are you sure you want to abandon this character and quit the game? (Confirm with "yes".)

.###...###.......
...#'''#..................
.................#.........
..♣.....♣........#.........
..........................
..♣.....♣.....###.......#
..............# #.......#
..♣.....♣.....###.......#
..............#(@.......#
..♣.....♣.....#(###.....#
..............#( #.....#
..............#. #.#####
...........####. #.#
...........# #. #.#
############ #. #.# #. #.#
#.#


There were no monsters in sight!

Vanquished Creatures
  An ooze (D:1)
  3 bats (D:1)
  2 rats (D:1)
6 creatures vanquished.

Notes
Turn   | Place    | Note
-------+----------+-------------------------------------------
     0 | D:1      | Iscandelvey the Demonspawn Arcane Marksman began the quest
                  | for the Orb.
     0 | D:1      | Reached XP level 1. HP: 15/15 MP: 2/2
   151 | D:1      | Gained mutation: You have sharp toenails. [demonic
                  | ancestry]
   151 | D:1      | Reached XP level 2. HP: 17/21 MP: 3/3
   152 | D:1      | Quit the game

Levels and vault maps discovered:
D:1:      wander_arrival_estate, layout_basic

Action                   || total
-------------------------++-------
 Fire: Hunting sling     ||    19
Armor: Robe              ||     3
Dodge: Dodged            ||     7

Table legend:
 A = Non-vault XP
 B = Vault XP
 C = Vault XP percentage of total XP
 D = Non-vault monster count
 E = Vault monster count
 F = Vault count percentage of total count
                 A         B        C        D         E       F
            +---------+---------+-------+---------+---------+-------
      Total |      12 |       0 |   0.0 |       6 |       0 |   0.0
            +---------+---------+-------+---------+---------+-------
        D:1 |      12 |       0 |   0.0 |       6 |       0 |   0.0
            +---------+---------+-------+---------+---------+-------
